 Dungeon Crawl Stone Soup version 0.26-b1-32-g5d43845318 (webtiles) character file.

Game seed: 14270036777322484609

39410 MisterFreud the Severer (level 13, -8/118 HPs)
             Began as a Minotaur Fighter on Jan 10, 2021.
             Was a Believer of Ru.
             Shot with an arrow by Nessos (15 damage)
             ... on level 13 of the Dungeon.
             The game lasted 00:18:56 (15540 turns).

MisterFreud the Severer (Minotaur Fighter)         Turns: 15540, Time: 00:18:56

Health: -8/118     AC: 18    Str: 23    XL:     13   Next: 69%
Magic:  0/12       EV:  7    Int:  5    God:    Ru [**....]
Gold:   816        SH: 13    Dex: 10    Spells: 12/12 levels left

rFire    + . .     SeeInvis +   a - +0 war axe
rCold    . . .     Faith    .   c - +0 kite shield
rNeg     + + .     Spirit   +   I - +0 plate armour
rPois    .         Reflect  .   (helmet restricted)
rElec    .         Harm     .   j - +0 cloak
rCorr    .         Rampage  .   (no gloves)
Will     ++...                  Y - +1 pair of boots "Lianueho" {rF+ rN++ Str-3 SInv}
Stlth    ..........             N - amulet of guardian spirit
HPRegen  0.29/turn              t - ring of willpower
MPRegen  0.13/turn              o - ring of willpower

@: no status effects
A: retaliatory headbutt, horns 2, hated by all, no air magic, no hexes magic, no
necromancy magic
a: Renounce Religion


You were on level 13 of the Dungeon.
You worshipped Ru.
Ru was pleased with you.
You visited 2 branches of the dungeon, and saw 14 of its levels.

You collected 1088 gold pieces.
You spent 272 gold pieces at shops.

Inventory:

Hand Weapons
 a - a +0 war axe (weapon)
 D - a +2 rapier of electrocution
 T - a +0 battleaxe
Missiles
 u - 29 boomerangs (quivered)
 v - 2 throwing nets
 R - 4 javelins
Armour
 c - a +0 kite shield (worn)
 j - a +0 cloak (worn)
 n - a scarf of resistance
 I - a +0 plate armour (worn)
 Y - the +1 pair of boots "Lianueho" (worn) {rF+ rN++ Str-3 SInv}
   (You acquired it on level 12 of the Dungeon)

   It affects your strength (-3).
   It protects you from fire.
   It greatly protects you from negative energy.
   It lets you see invisible.
Jewellery
 k - an uncursed ring of resist corrosion
 o - a ring of willpower (right hand)
 t - a ring of willpower (left hand)
 w - an uncursed ring of protection from cold
 F - an uncursed amulet of magic regeneration
 N - an amulet of guardian spirit (around neck)
 U - an uncursed ring of see invisible {unknown}
Wands
 b - a wand of enslavement (8)
 z - a wand of acid (20)
 B - a wand of random effects (55)
 H - a wand of disintegration (25)
 K - a wand of paralysis (5)
 P - a wand of flame (31)
 V - a wand of polymorph (1)
Scrolls
 e - 5 scrolls of amnesia
 g - 5 scrolls of enchant armour
 h - 5 scrolls of blinking
 m - 4 scrolls of immolation
 p - 9 scrolls of teleportation
 s - a scroll of fear
 y - 3 scrolls of remove curse
 C - 5 scrolls of fog {unknown}
 G - a scroll of noise {unknown}
 J - 6 scrolls of magic mapping
 L - a scroll of random uselessness {unknown}
 M - 7 scrolls of identify
 S - a scroll of summoning {unknown}
 X - a scroll of silence {unknown}
Potions
 d - 2 potions of might
 f - 4 potions of heal wounds
 i - 3 potions of flight
 l - 2 potions of haste
 q - 4 potions of resistance
 r - 4 potions of lignification
 x - a potion of magic
 A - 4 potions of curing
 E - 3 potions of ambrosia
 O - 2 potions of mutation
 Z - a potion of degeneration {unknown}
Miscellaneous
 Q - a phantom mirror
 W - a phantom mirror


   Skills:
 - Level 12.0 Fighting
 - Level 16.0 Axes
 - Level 10.0 Armour
 * Level 14.0 Shields
 + Level 6.0 Evocations


You had 12 spell levels left.
You didn't know any spells.
Your spell library contained the following spells:

 Spells                   Type           Power        Failure   Level
 Magic Dart               Conj           0%           100%        1
 Sandblast                Erth           0%           100%        1
 Blink                    Tloc           N/A          100%        2
 Passwall                 Tmut/Erth      0%           100%        2
 Searing Ray              Conj           0%           100%        2
 Conjure Flame            Conj/Fire      0%           100%        3
 Stone Arrow              Conj/Erth      0%           100%        3
 Iskenderun's Mystic Bla  Conj/Tloc      0%           100%        4
 Petrify                  Tmut/Erth      0%           100%        4
 Lee's Rapid Deconstruct  Erth           0%           100%        5
 Summon Small Mammal      Summ           Unusable     N/A         1
 Call Imp                 Summ           Unusable     N/A         2
 Slow                     Hex            Unusable     N/A         2
 Call Canine Familiar     Summ           Unusable     N/A         3
 Dazzling Flash           Conj/Hex       Unusable     N/A         3
 Mephitic Cloud           Conj/Pois/Air  Unusable     N/A         3
 Summon Guardian Golem    Hex/Summ       Unusable     N/A         3
 Fulminant Prism          Conj/Hex       Unusable     N/A         4
 Summon Ice Beast         Ice/Summ       Unusable     N/A         4
 Summon Lightning Spire   Summ/Air       Unusable     N/A         4

Dungeon Overview and Level Annotations

Branches:
Dungeon (13/15)            Temple (1/1) D:7            Lair (0/6) D:10
    Orc (0/2) D:11         Vaults (0/5) D:13

Altars:
Ashenzari
Cheibriados
Dithmenos
Elyvilon
Fedhas
Gozag
Hepliaklqana
Kikubaaqudgha
Makhleb
Nemelex Xobeh
Okawaru
Qazlal
Ru
Sif Muna
Trog
Uskayaw
Vehumet
Wu Jian
Xom
Yredelemnul
Zin
The Shining One

Shops:
D:6 ?   D:7 *   D:9 ***(

Annotations:
D:11 2 transporters
D:13 Nessos


Innate Abilities, Weirdness & Mutations

You reflexively headbutt those who attack you in melee.
You have a pair of horns on your head.
You are hated by all.
You cannot study or cast Air magic.
You cannot study or cast Hexes magic.
You cannot study or cast Necromancy magic.


Message History

Nessos shoots an arrow.
The arrow hits you!
* * * LOW HITPOINT WARNING * * *
The arrow burns you.
You are lethally poisoned!
* * * LOW HITPOINT WARNING * * *
You see here an arrow.
* * * LOW HITPOINT WARNING * * *
You feel sick.
You feel better.
Nessos blinks!
Nessos mumbles some strange words.
Nessos seems to speed up.
The phantom blinks!
Nessos shoots an arrow.
You block the arrow.
The phantom blinks!
Nessos shoots an arrow.
The arrow hits you!
* * * LOW HITPOINT WARNING * * *
The arrow burns you.
You are lethally poisoned!
* * * LOW HITPOINT WARNING * * *
You see here 2 arrows.
You feel better.
Nessos shoots an arrow.
The arrow hits you!
You die...

....§......# #...........#
...........# #...........#
.....c...[)######...........#
.......().........†.........#
.#######.(..((....†(######..#
#............# #..#
#..(.........# ..#
#.....>W.....# ..
#.!..@<∩.....# ..
#............# .#
#..............
#..............
...............# .#
......########..# .. ####..
..# .. #.. .#


You could see Nessos (fast) and a phantom.

Vanquished Creatures
  4 boulder beetles
  A centaur warrior (D:13)
  5 two-headed ogres
  Urug (D:10)
  Nergalle (D:10)
  An orc knight (D:13)
  A deep elf mage (D:13)
  A cyclops (D:13)
  2 ugly things
  2 manticores
  Maurice (D:9)
  A rime drake (D:11)
  A kobold demonologist (D:12)
  A komodo dragon (D:12)
  2 polar bears (D:11)
  4 trolls
  3 slime creatures (D:12)
  A shadow (D:12)
  Sigmund (D:5)
  2 wyverns (D:10)
  11 yaks
  15 humans (D:13)
  2 steam dragons
  A wraith (D:11)
  2 basilisks (D:10)
  An acid dragon (D:13)
  2 water moccasins
  Duvessa (D:5)
  5 orc warriors
  7 ice beasts
  A swamp drake (D:10)
  A hornet zombie (D:6)
  3 ogres
  3 phantoms
  3 sky beasts
  A necrophage (D:8)
  9 centaurs
  2 wolves (D:11)
  5 big kobolds
  6 bullfrogs
  A gnoll sergeant (D:13)
  Dowan (D:5)
  A wyvern skeleton (D:12)
  2 scorpions
  22 killer bees
  15 wights
  5 howler monkeys
  A crimson imp (D:12)
  2 bullfrog zombies
  4 centaur zombies
  A gnoll shaman (D:6)
  13 hounds
  3 jellies
  10 orc wizards
  Crazy Yiuf (D:6)
  2 bullfrog skeletons
  7 orc priests
  2 centaur skeletons
  5 iguanas
  9 worker ants
  A hound zombie (D:10)
  A hound skeleton (D:10)
  A worker ant zombie (D:10)
  10 gnolls
  9 adders
  A shadow imp (D:8)
  3 white imps
  4 ufetubi
  4 worms
  2 dart slugs (D:1)
  6 leopard geckos
  52 orcs
  7 bats
  A giant cockroach (D:6)
  9 goblins
  11 hobgoblins
  3 jackals (D:3)
  6 quokkas
  3 ball pythons
  5 frilled lizards
  21 kobolds
  A leopard gecko skeleton (D:4)
  A leopard gecko zombie (D:5)
  6 rats
  A spectral orc (D:3)
393 creatures vanquished.

Vanquished Creatures (others)
  A cyclops (D:12)
  A human (D:13)
2 creatures vanquished.

Grand Total: 395 creatures vanquished

Notes
Turn   | Place    | Note
-------+----------+-------------------------------------------
     0 | D:1      | MisterFreud the Minotaur Fighter began the quest for the
                  | Orb.
     0 | D:1      | Reached XP level 1. HP: 19/19 MP: 0/0
    48 | D:1      | Reached skill level 3 in Axes
    82 | D:1      | Reached XP level 2. HP: 22/26 MP: 1/1
   602 | D:1      | Reached skill level 4 in Axes
   910 | D:2      | Reached XP level 3. HP: 30/31 MP: 2/2
  1206 | D:3      | Found a sparkling altar of Nemelex Xobeh.
  1349 | D:3      | Found an ancient bone altar of Kikubaaqudgha.
  1349 | D:3      | Found a blossoming altar of Fedhas.
  1481 | D:3      | Reached skill level 5 in Axes
  1616 | D:3      | Reached XP level 4. HP: 35/39 MP: 3/3
  1829 | D:3      | Found a basalt altar of Yredelemnul.
  2160 | D:3      | Reached skill level 6 in Axes
  2399 | D:4      | Reached XP level 5. HP: 39/45 MP: 4/4
  2553 | D:4      | Reached skill level 7 in Axes
  2707 | D:4      | Reached XP level 6. HP: 38/51 MP: 5/5
  2739 | D:4      | Reached skill level 8 in Axes
  2751 | D:5      | Entered Level 5 of the Dungeon
  3024 | D:5      | Found a shimmering altar of Xom.
  3037 | D:5      | Noticed Sigmund
  3049 | D:5      | Killed Sigmund
  3061 | D:5      | Reached XP level 7. HP: 55/60 MP: 6/6
  3361 | D:4      | Reached skill level 5 in Fighting
  3361 | D:4      | Reached skill level 5 in Armour
  3361 | D:4      | Reached skill level 5 in Shields
  4083 | D:5      | Noticed Dowan
  4086 | D:5      | Noticed Duvessa
  4103 | D:5      | Killed Duvessa
  4104 | D:5      | Reached skill level 9 in Axes
  4104 | D:5      | Reached XP level 8. HP: 67/69 MP: 7/7
  4105 | D:5      | Killed Dowan
  4322 | D:6      | Found Iduixus's Magic Scroll Shop.
  4328 | D:6      | Bought a scroll of identify for 26 gold pieces
  4328 | D:6      | Bought a scroll of fear for 45 gold pieces
  4328 | D:6      | Bought a scroll of teleportation for 39 gold pieces
  4328 | D:6      | Bought a scroll of teleportation for 39 gold pieces
  4328 | D:6      | Bought a scroll of teleportation for 39 gold pieces
  4714 | D:6      | Found a runed translucent door.
  4715 | D:6      | Noticed Crazy Yiuf
  5372 | D:6      | Killed Crazy Yiuf
  5405 | D:7      | Reached XP level 9. HP: 74/78 MP: 8/8
  5464 | D:7      | Found an opulent altar of Gozag.
  5502 | D:7      | Found a staircase to the Ecumenical Temple.
  5527 | Temple   | Entered the Ecumenical Temple
  5691 | Temple   | Reached skill level 10 in Axes
  6195 | D:7      | Found a snail-covered altar of Cheibriados.
  6374 | D:7      | Found Posuymut's General Store.
  6963 | D:8      | Found a sand-covered staircase.
  7088 | D:8      | Found an iron altar of Okawaru.
  7494 | D:8      | Reached skill level 11 in Axes
  7855 | D:9      | Found Quelir's Assorted Antiques.
  7926 | D:9      | Found a sacrificial altar of Ru.
  7965 | D:9      | Found a shimmering blue altar of Sif Muna.
  7996 | D:9      | Became a worshipper of Ru the Awakened
  8022 | D:9      | Bought a scroll labelled JIAHAY ECOBERROHUW for 24 gold
                  | pieces
  8022 | D:9      | Bought a scroll labelled TUUMAOPNIPNEANU for 24 gold pieces
  8074 | D:9      | Found Vulonuij's Assorted Antiques.
  8120 | D:9      | Noticed Maurice
  8136 | D:9      | Killed Maurice
  8213 | D:9      | Reached skill level 12 in Axes
  8221 | D:9      | Reached XP level 10. HP: 88/88 MP: 9/9
  8281 | D:9      | Found Ziomal's Weapon Emporium.
  8293 | D:9      | Found Giut Lih's General Store.
  8605 | D:9      | Bought a scroll of teleportation for 36 gold pieces
  8839 | D:10     | Entered Level 10 of the Dungeon
  8859 | D:10     | Noticed Nergalle
  8874 | D:10     | Killed Nergalle
  8875 | D:10     | Reached skill level 13 in Axes
  9399 | D:10     | Noticed Urug
  9442 | D:10     | Killed Urug
  9443 | D:10     | Reached skill level 14 in Axes
  9789 | D:10     | Noticed a brown ugly thing
  9807 | D:10     | Killed a brown ugly thing
 10133 | D:10     | Found a staircase to the Lair.
 10137 | D:10     | Gained mutation: You cannot study or cast Air magic. [Ru
                  | sacrifice]
 10137 | D:10     | Gained mutation: You cannot study or cast Hexes magic. [Ru
                  | sacrifice]
 10137 | D:10     | Gained mutation: You cannot study or cast Necromancy magic.
                  | [Ru sacrifice]
 10137 | D:10     | Reached * piety under Ru
 10319 | D:10     | Reached XP level 11. HP: 89/95 MP: 7/10
 10782 | D:11     | Found a transporter.
 10784 | D:11     | Found a transporter.
 10785 | D:11     | Noticed an orc warlord
 10785 | D:11     | Noticed an orc sorcerer
 10788 | D:11     | Noticed an orc sorcerer
 11058 | D:11     | Noticed a boulder beetle
 11084 | D:11     | Killed a boulder beetle
 11250 | D:11     | Noticed a boulder beetle
 11273 | D:11     | Killed a boulder beetle
 11406 | D:11     | Noticed a boulder beetle
 11456 | D:11     | Killed a boulder beetle
 11620 | D:11     | Reached skill level 10 in Fighting
 11677 | D:11     | Reached skill level 10 in Armour
 11679 | D:11     | Reached skill level 10 in Shields
 11761 | D:11     | Reached skill level 15 in Axes
 12000 | D:11     | Found a staircase to the Orcish Mines.
 12002 | D:11     | Noticed a two-headed ogre
 12354 | D:11     | Noticed a two-headed ogre
 12387 | D:11     | Killed a two-headed ogre
 12910 | D:12     | Reached XP level 12. HP: 104/110 MP: 9/11
 12993 | D:12     | Gained mutation: You are hated by all. [Ru sacrifice]
 12993 | D:12     | Reached ** piety under Ru
 13321 | D:12     | Noticed a two-headed ogre
 13328 | D:12     | Killed a two-headed ogre
 13423 | D:12     | Reached skill level 16 in Axes
 13568 | D:12     | Noticed a two-headed ogre
 13580 | D:12     | Killed a two-headed ogre
 13581 | D:12     | Reached skill level 1 in Evocations
 13955 | D:12     | Reached XP level 13. HP: 118/118 MP: 12/12
 13958 | D:12     | Identified a scroll of acquirement
 13959 | D:12     | Acquired the +1 pair of boots "Lianueho" {rF+ rN++ Str-3
                  | SInv}
 14180 | D:13     | Found a gate to the Vaults.
 14180 | D:13     | Noticed Nessos
 14553 | D:13     | Reached skill level 5 in Evocations
 15539 | D:13     | HP: 3/118 [Nessos/arrow (10)]
 15540 | D:13     | Shot with an arrow by Nessos

Illustrated notes

Levels and vault maps discovered:
D:1:      doesnt_arrival_eight_statues, layout_loops_ring
D:2:      layout_basic
D:3:      minmay_razor_zed, layout_loops_ring,
          grunt_temple_overflow_growth_and_decay, lemuel_round_altar,
          yredelemnul_forgotten_temple_becter
D:4:      layout_rooms
D:5:      layout_rooms, xom_teletrap_fun, minmay_crystal_water,
          roderic_lattice_a, uniq_duvessa, uniq_sigmund
D:6:      minmay_evil_eye, layout_loops_ring, serial_shops,
          nicolae_shop_statue_plus, uniq_crazy_yiuf_cottage
D:7:      layout_cave_pods, lemuel_crystal_altar,
          minmay_temple_entry_large_hall, serial_shops, shop,
          cheibriados_altar_1
D:8:      layout_basic, kennysheep_okawaru_gauntlet,
          nicolae_ossuary_entry_false_entrances
D:9:      layout_loops_ring, led_sif_book, kennysheep_mini_moat, serial_shops,
          nicolae_shop_behind_doors, nicolae_shop_statue_plus,
          nicolae_shop_window_shopping, shop_coins, uniq_maurice
D:10:     layout_small_grid, erik_lair_dragon, mrwooster_statue_mirror,
          uniq_nergalle, uniq_urug
D:11:     gammafunk_beogh_shrine, layout_cave_pools, orc_0_dummy,
          portal_ice_cave_entry_animals_and_master, nicolae_two_hexagons,
          hangedman_glass_teeth
D:12:     layout_stronghold, minmay_misc_feat_alley, st_stairs_3,
          minmay_fire_ice_demons
D:13:     layout_small_grid, david_vaults_3, basic_altar
Temple:   dshaligram_water_room_temple

Skill      XL: |  1  2  3  4  5  6  7  8  9 10 11 12 13 |
---------------+----------------------------------------+-----
Axes           | 3 4 5 6 7 8 9 12 14 15 16 | 16.0
Fighting       | 4 5 6 8 11 12 | 12.0
Armour         | 4 5 6 8 10 | 10.0
Shields        | 4 5 6 8 10 12 14 | 14.0
Evocations     | 4 6 |  6.0

Action                   |  1- 3 |  4- 6 |  7- 9 | 10-12 | 13-15 || total
-------------------------+-------+-------+-------+-------+-------++-------
Melee: War axe           |    81 |   143 |   403 |   548 |   225 ||  1400
       Headbutt          |     8 |    26 |    66 |   117 |    55 ||   272
Invok: Sacrifice Arcana  |       |       |       |     1 |       ||     1
       Sacrifice Love    |       |       |       |     1 |       ||     1
       Reject Sacrifices |       |       |       |       |     1 ||     1
Evoke: Wand              |       |       |       |     3 |       ||     3
  Use: Potion            |       |     3 |       |     1 |     2 ||     6
       Scroll            |       |       |    10 |     2 |     3 ||    15
 Stab: Distracted        |       |       |       |     1 |       ||     1
Armor: Scale mail        |    10 |       |       |       |       ||    10
       Chain mail        |    15 |    69 |    81 |       |       ||   165
       Plate armour      |       |       |    75 |   216 |    83 ||   374
Dodge: Dodged            |    27 |    31 |    72 |   109 |    38 ||   277
Block: Kite shield       |    39 |    73 |   203 |   296 |   131 ||   742
